 Dungeon Crawl Stone Soup version 0.30.0-19-g36f170ea60 (webtiles) character file.

Game seed: 15712531162311198822

748 Graphine the Covert (level 8, -9/44 HPs)
             Began as a Kobold Brigand on June 1, 2023.
             Was an Initiate of Ashenzari.
             Mangled by an orc
             ... wielding a +2 whip of electrocution
              (15 damage)
             ... on level 5 of the Dungeon.
             The game lasted 00:11:15 (5367 turns).

Graphine the Covert (Kobold Brigand)                Turns: 5367, Time: 00:11:16

Health: -9/44      AC:  8    Str: 10 (12) XL:     8   Next: 6%
Magic:  8/8        EV: 14    Int: 13      God:    Ashenzari [......]
Gold:   280        SH:  0    Dex: 17 (18) Spells: 7/7 levels left

rFire   . . .        a - +2 dagger
rCold   + + +        (no shield)
rNeg    + . .        p - +2 robe "Igimob" {rN+ Str+4}
rPois   .            w - +0 helmet
rElec   .            l - +2 cloak
rCorr   .            (no gloves)
SInv    .            (no boots)
Will    .....        h - amulet of faith
Stlth   ++++++       m - ring of protection from cold
HPRegen 0.27/turn    b - ring of protection from cold
MPRegen 0.11/turn

%: faith
@: about to teleport
A: small, no large weapons, nightstalker 3, cold resistance 1, deterioration 1
a: Renounce Religion


You were on level 5 of the Dungeon.
You worshipped Ashenzari.
Ashenzari was noncommittal.
You visited 2 branches of the dungeon, and saw 6 of its levels.

You collected 280 gold pieces.

Inventory:

Hand Weapons
 a - a +2 dagger (weapon)
 i - a +2 heavy sling
 j - a +0 short sword of venom
 q - a +0 rapier
Missiles
 d - 18 poisoned darts (quivered)
 e - 3 curare-tipped darts
Armour
 l - a +2 cloak (worn)
 p - the +2 robe "Igimob" (worn) {rN+ Str+4}
   (You found it on level 2 of the Dungeon)

   Str:       It affects your strength (+4).
   rN:        It protects you from negative energy.
 w - a +0 helmet (worn)
 z - the +2 leather armour of Philately {rElec rCorr Str-5 Int+6}
   (You found it on level 4 of the Dungeon)

   Str:       It affects your strength (-5).
   Int:       It affects your intelligence (+6).
   rElec:     It insulates you from electricity.
   rCorr:     It protects you from acid and corrosion.
Jewellery
 b - a ring of protection from cold (right hand)
 h - an amulet of faith (around neck)
 m - a ring of protection from cold (left hand)
 s - a ring of resist corrosion
 v - a ring of flight
Wands
 t - a wand of digging (8)
Scrolls
 c - a scroll of identify
 k - 5 scrolls of teleportation
Potions
 f - a potion of heal wounds
 g - a potion of degeneration
 n - a potion of attraction
 o - a potion of flight
 r - a potion of ambrosia {unknown}
 u - 3 potions of brilliance
 x - a potion of lignification {unknown}


   Skills:
 - Level 2.1 Fighting
 - Level 2.6 Short Blades
 - Level 2.1 Throwing
 - Level 1.2 Dodging
 * Level 12.9 Stealth


You had 7 spell levels left.
You didn't know any spells.
Your spell library contained the following spells:

 Spells                   Type           Power      Damage    Failure   Level
 Inner Flame              Hex/Fire       0%         N/A       67%         3
 Flame Wave               Conj/Fire      0%         2d4       97%         4
 Sticky Flame             Conj/Fire      0%         2d3       97%         4


Dungeon Overview and Level Annotations

Branches:
Dungeon (5/15)             Temple (1/1) D:5

Altars:
Ashenzari
Cheibriados
Elyvilon
Fedhas
Gozag
Hepliaklqana
Kikubaaqudgha
Makhleb
Nemelex Xobeh
Okawaru
Qazlal
Ru
Sif Muna
Trog
Uskayaw
Vehumet
Wu Jian
Xom
Yredelemnul
Zin
The Shining One

Annotations:
D:5 exclusion: statue


Innate Abilities, Weirdness & Mutations

You are small and have problems with some larger weapons.
You are completely attuned to the shadows.
Your flesh is cold resistant. (rC+)
Your body sometimes deteriorates upon taking damage.


Message History

The centaur kicks you but does no damage.
You hit the centaur.
The centaur is moderately wounded.
The centaur hits you but does no damage.
The centaur barely misses you. The orc closely misses you.
The orc barely misses you.
The centaur hits you but does no damage.
The centaur kicks you but does no damage.
Okay, then.
As you read the scroll of teleportation, it crumbles to dust.
You feel strangely unstable. The orc closely misses you.
The orc hits you with a +0 flail.
The centaur hits you but does no damage.
The centaur kicks you but does no damage.
You hit the centaur.
The centaur is moderately wounded.
The centaur barely misses you. The centaur kicks you.
The orc closely misses you. x2
You hit the centaur.
The centaur is heavily wounded.
The centaur closely misses you. The centaur completely misses you.
The orc hits you with a +2 whip of electrocution.
The orc barely misses you. The centaur barely misses you. x2
You hit the centaur.
The centaur is heavily wounded.
The centaur barely misses you.
The centaur kicks you but does no damage.
The orc hits you with a +2 whip of electrocution.
You are electrocuted!
* * * LOW HITPOINT WARNING * * *
Your body deteriorates!
You feel weakened. The orc barely misses you.
You hit the centaur.
The centaur is heavily wounded.
The centaur hits you but does no damage.
The centaur misses you.
The orc hits you with a +2 whip of electrocution.
* * * LOW HITPOINT WARNING * * *
You are electrocuted!
You die...

> #. ######### #.#.....#
############ #.#.....#
#?..).c@o).# ##.#.....#
#...).o###.####..#..>..'
..........[.....##.....#
.#....!###.####..#.....#
.......##...###..#.....#
...#...........#)###'###
.#...###..##..#..
#......... #.####....


You could see a centaur and 2 orcs.

Vanquished Creatures
  Eustachio (D:4)
  Duvessa (D:4)
  2 scorpions (D:4)
  Dowan (D:4)
  2 hounds
  An iguana (D:4)
  A sleepcap (D:5)
  Ijyb (D:3)
  Robin (D:4)
  8 adders
  An ufetubus (D:5)
  6 dart slugs
  9 orcs
  3 ball pythons
  10 endoplasms
  6 giant cockroaches
  14 goblins
  10 hobgoblins
  3 quokkas
  7 bats
  6 frilled lizards
  9 kobolds
  6 rats
109 creatures vanquished.

Vanquished Creatures (others)
  An orc (D:5)
  A kobold (D:1)
2 creatures vanquished.

Grand Total: 111 creatures vanquished

Notes
Turn   | Place    | Note
-------+----------+-------------------------------------------
     0 | D:1      | Graphine the Kobold Brigand began the quest for the Orb.
     0 | D:1      | Reached XP level 1. HP: 12/12 MP: 1/1
   137 | D:1      | Reached XP level 2. HP: 12/17 MP: 2/2
   141 | D:1      | Reached skill level 6 in Stealth
   685 | D:1      | Reached XP level 3. HP: 18/21 MP: 3/3
  1020 | D:1      | Gained mutation: Your body sometimes deteriorates upon
                  | taking damage. [potion of mutation]
  1020 | D:1      | Gained mutation: Your flesh is cold resistant. (rC+)
                  | [potion of mutation]
  1063 | D:2      | Reached skill level 7 in Stealth
  1291 | D:2      | Reached XP level 4. HP: 26/26 MP: 4/4
  1652 | D:2      | Identified the +2 robe "Igimob" {rN+ Str+4}
  2255 | D:3      | Reached skill level 8 in Stealth
  2329 | D:3      | Noticed Ijyb
  2333 | D:3      | Killed Ijyb
  2334 | D:3      | Reached XP level 5. HP: 30/30 MP: 5/5
  2537 | D:3      | Reached skill level 9 in Stealth
  2820 | D:4      | Reached XP level 6. HP: 35/35 MP: 6/6
  2953 | D:4      | Noticed Eustachio
  2955 | D:4      | Killed Eustachio
  2956 | D:4      | Reached skill level 10 in Stealth
  3042 | D:4      | Reached XP level 7. HP: 40/40 MP: 7/7
  3185 | D:4      | Noticed Robin
  3215 | D:4      | Killed Robin
  3216 | D:4      | Reached skill level 11 in Stealth
  3382 | D:4      | Identified the +2 leather armour of Philately {rElec rCorr
                  | Str-5 Int+6}
  3608 | D:4      | Noticed Duvessa
  3609 | D:4      | Noticed Dowan
  3621 | D:4      | Killed Dowan
  3633 | D:4      | Killed Duvessa
  3634 | D:4      | Reached skill level 12 in Stealth
  4355 | D:5      | Entered Level 5 of the Dungeon
  4549 | D:5      | Found a radiant altar of Vehumet.
  4766 | D:5      | Reached XP level 8. HP: 26/44 MP: 8/8
  4767 | D:5      | Found a staircase to the Ecumenical Temple.
  4776 | Temple   | Entered the Ecumenical Temple
  5251 | Temple   | Became a worshipper of Ashenzari the Shackled
  5367 | D:5      | Mangled by an orc

Illustrated notes

Levels and vault maps discovered:
D:1:      shiori_arrival_oz, layout_loops_corners, minmay_unequal
D:2:      minmay_skewed_foursquare, layout_basic
D:3:      minmay_bubble_buster, layout_rooms, uniq_ijyb
D:4:      layout_basic, kennysheep_generic_room_2, uniq_duvessa, uniq_eustachio,
          uniq_robin
D:5:      layout_loops_ring, vehumet_statue, temple_green, serial_shops, shop
Temple:   nicolae_temple_slightly_damp_pantheon

Skill      XL: |  1  2  3  4  5  6  7 |
---------------+----------------------+-----
Stealth        | 6 7 8 9 10 12 | 12.9
Fighting       | |  2.1
Short Blades   | |  2.6
Throwing       | |  2.1
Dodging        | |  1.2

Action                     |  1- 3 |  4- 6 |  7- 9 || total
---------------------------+-------+-------+-------++-------
  Melee: Dagger            |    70 |    92 |   207 ||   369
         Punch             |       |     1 |     1 ||     2
  Throw: Dart              |       |       |     2 ||     2
    Use: Scroll            |     3 |     5 |     5 ||    13
         Potion            |     1 |       |     9 ||    10
   Stab: Sleeping          |    13 |    26 |     8 ||    47
 Armour: Robe              |    12 |    26 |    58 ||    96
  Dodge: Dodged            |    37 |    49 |   149 ||   235
